 Dungeon Crawl Stone Soup version 0.22.1-2-g9c5b331383 (webtiles) character file.

22 McIrco the Vexing (level 2, -1/19 HPs)
             Began as a Vampire Enchanter on Jan 5, 2019.
             Slain by a hobgoblin
             ... wielding a +0 club
              (4 damage)
             ... on level 1 of the Dungeon.
             The game lasted 00:01:54 (4067 turns).

McIrco the Vexing (Vampire Enchanter)               Turns: 4067, Time: 00:01:54

Health: -1/19      AC:  2    Str:  7    XL:     2   Next: 68%
Magic:  4/5        EV: 13    Int: 17    God:
Gold:   44         SH:  0    Dex: 14    Spells: 4/5 levels left

rFire    . . .     SeeInvis +   a - +1 dagger
rCold    + + .     Gourm    .   (no shield)
rNeg     + + +     Faith    .   b - +0 robe
rPois    ∞         Spirit   .   (no helmet)
rElec    .         Reflect  .   (no cloak)
rCorr    .         Harm     .   (no gloves)
MR       .....                  (no boots)
Stlth    +++++.....             (no amulet)
HPRegen  0.00/turn              (no ring)
MPRegen  0.09/turn              (no ring)

@: bloodless, non-regenerating
A: fangs 3, see invisible, unbreathing
a: no special abilities


You were on level 1 of the Dungeon.
You were bloodless.

You visited 1 branch of the dungeon, and saw 1 of its levels.

You collected 44 gold pieces.

Inventory:

Hand Weapons
 a - a +1 dagger (weapon)
Armour
 b - a +0 robe (worn)
Scrolls
 e - 3 scrolls of fear {unknown}
 g - a scroll of identify {unknown}
Potions
 c - 4 potions of blood
 d - a potion of haste {unknown}
 f - a potion of might {unknown}


   Skills:
 + Level 1.1 Short Blades
 * Level 2.3 Dodging
 + Level 5.0 Stealth
 + Level 2.1 Spellcasting
 + Level 5.1 Hexes


You had 4 spell levels left.
You knew the following spells:

 Your Spells              Type           Power        Failure   Level  Hunger
a - Corona                Hex            ###....      2%          1    #......

Your spell library contained the following spells:

 Spells                   Type           Power        Failure   Level  Hunger
 Confuse                  Hex            ###.....     7%          3    ###....
 Tukima's Dance           Hex            ###.....     7%          3    ###....
 Ensorcelled Hibernation  Hex/Ice        ##....       10%         2    ###....
 Dazzling Spray           Conj/Hex       ##....       21%         3    ###....


Dungeon Overview and Level Annotations

Branches:
Dungeon (1/15)

Altars:


Innate Abilities, Weirdness & Mutations

You do not heal naturally.
You are immune to poison.
You have razor-sharp teeth.
You have supernaturally acute eyesight. (SInv)
You can survive without breathing.


Message History

The hobgoblin is heavily wounded.
You barely miss the hobgoblin.
The hobgoblin is heavily wounded.
The hobgoblin hits you with a club!
* * * LOW HITPOINT WARNING * * *
You are too injured to fight recklessly!
You are too injured to fight recklessly!
Casting: Corona (safe; 2% risk of failure)
Confirm with . or Enter, or press ? or * to list all spells.
Aiming: Corona (safe; 2% risk of failure)
Press: ? - help, Shift-Dir - straight line, f - hobgoblin
Aim: a hobgoblin, wielding a club (heavily wounded, chance to defeat MR: 73%)
The hobgoblin is outlined in light.
The hobgoblin barely misses you.
Casting: Corona (safe; 2% risk of failure)
Confirm with . or Enter, or press ? or * to list all spells.
Okay, then.
You completely miss the hobgoblin.
The hobgoblin is heavily wounded.
The hobgoblin hits you with a club.
You die...

## #.# #.....# #.##)## #
##+# #..#### #.##... #
#...# #..# #.##### ###
.....# #..######.# ..##
......# #.........#
...####
.......####.......######
......+
........................
...####
...w..g.###...#.#.######
#..# ..#####@# #.....#.#
#..# .......†# ###...#.#
...# #.#####.#####...#.#
##.# #...............#.#
#.###
#.#####..####.....#
#.#.. .........# ##.####
#.#.# #.#####..# #.#
#.#.# ##........# #.#
#.#.####).#####.## #.#


You could see a dart slug and a hobgoblin.

Vanquished Creatures
  2 bats (D:1)
  2 giant cockroaches (D:1)
  2 goblins (D:1)
  8 hobgoblins (D:1)
  A frilled lizard (D:1)
  A kobold (D:1)
  3 rats (D:1)
19 creatures vanquished.

Notes
Turn   | Place    | Note
-------+----------+-------------------------------------------
     0 | D:1      | McIrco the Vampire Enchanter began the quest for the Orb.
     0 | D:1      | Reached XP level 1. HP: 13/13 MP: 3/3
  3043 | D:1      | Reached XP level 2. HP: 5/19 MP: 1/5
  3775 | D:1      | Reached skill level 5 in Hexes
  4060 | D:1      | Reached skill level 5 in Stealth
  4067 | D:1      | Slain by a hobgoblin

Skill      XL: |  1  2 |
---------------+-------+-----
Hexes          | 5 |  5.1
Stealth        | 5 |  5.0
Short Blades   | |  1.1
Dodging        | |  2.3
Spellcasting   | |  2.1

Action                   || total
-------------------------++-------
Melee: Dagger            ||    71
       Bite              ||     2
 Cast: Corona            ||     7
  Use: Potion            ||     1
 Stab: Sleeping          ||    11
  Eat: Corpse            ||     1
Armor: Robe              ||     5
Dodge: Dodged            ||    39
